 Dungeon Crawl Stone Soup version 0.31-a0-859-g9dce7d3444 (webtiles) character file.

Game seed: 13266894639921664544

1538 TheGamechu the Covert (level 9, -5/48 HPs)
             Began as a Kobold Warper on Oct 9, 2023.
             Was an Initiate of Gozag.
             Slain by a gnoll sergeant
             ... wielding a +0 spear
              (16 damage)
             ... on level 6 of the Dungeon.
             The game lasted 00:16:01 (7392 turns).

TheGamechu the Covert (Kobold Warper)               Turns: 7392, Time: 00:16:02

Health: -5/48      AC:  4    Str:  8    XL:     9   Next: 11%
Magic:  14/14      EV: 18    Int: 15    God:    Gozag
Gold:   475        SH:  0    Dex: 18    Spells: 9/14 levels left

rFire   . . .        a - +2 short sword (holy)
rCold   . . .        (no shield)
rNeg    . . .        b - +0 leather armour
rPois   .            (no helmet)
rElec   .            y - scarf {shadows}
rCorr   .            (no gloves)
SInv    .            D - +0 pair of boots
Will    .....        (no amulet)
Stlth   +++++        (no ring)
HPRegen 0.28/turn    (no ring)
MPRegen 0.14/turn

%: no passive effects
@: no status effects
A: small, no large weapons, nightstalker 3
a: Renounce Religion, Potion Petition, Call Merchant, Bribe Branch


You were on level 6 of the Dungeon.
You worshipped Gozag.
Gozag was aware of your devotion.
You visited 1 branch of the dungeon, and saw 6 of its levels.

You collected 832 gold pieces.
You paid 357 gold pieces to Gozag.

Inventory:

Hand Weapons
 a - a +2 short sword of holy wrath (weapon)
 s - the +10 sling "Donac" {flame, rC- Will+ Int+4}
   (You found it on level 3 of the Dungeon)

   Int+4:     It affects your intelligence (+4).
   rC-:       It makes you vulnerable to cold.
   Will+:     It increases your willpower.
 z - a +2 dagger of venom
Missiles
 d - 3 darts of dispersal
 n - 35 stones
 p - 6 boomerangs
 t - 10 poisoned darts
 E - a throwing net
Armour
 b - a +0 leather armour (worn)
 y - a scarf of shadows (worn)
 D - a +0 pair of boots (worn)
Wands
 B - a wand of iceblast (12)
Scrolls
 c - a scroll of blinking
 f - a scroll of revelation {unknown}
 g - 7 scrolls of noise {unknown}
 h - a scroll of vulnerability {unknown}
 j - 4 scrolls of identify {unknown}
 m - a scroll of fear {unknown}
 q - 3 scrolls of teleportation {unknown}
 r - 2 scrolls of enchant weapon {unknown}
 v - a scroll of immolation {unknown}
 x - a scroll of amnesia {unknown}
Potions
 e - a potion of cancellation
 i - 4 potions of curing {unknown}
 k - a potion of mutation {unknown}
 l - 3 potions of degeneration {unknown}
 o - a potion of enlightenment {unknown}
 u - 2 potions of heal wounds {unknown}
 w - a potion of attraction {unknown}
 A - a potion of invisibility {unknown}


   Skills:
 + Level 2.2 Fighting
 + Level 6.0 Short Blades
 - Level 0.1 Ranged Weapons
 - Level 1.1 Throwing
 - Level 0.7 Armour
 + Level 7.2 Dodging
 - Level 8.0 Stealth
 + Level 3.3 Spellcasting
 - Level 6.0 Translocations


You had 9 spell levels left.
You knew the following spells:

 Your Spells              Type           Power      Damage    Failure   Level
a - Blink                 Tloc           40%        N/A       3%          2
b - Teleport Other        Tloc           20%        N/A       7%          3

Your spell library contained the following spells:

 Spells                   Type           Power      Damage    Failure   Level
 Lesser Beckoning         Tloc           40%        N/A       3%          2
 Manifold Assault         Tloc           20%        N/A       22%         4
 Passage of Golubria      Tloc           20%        N/A       22%         4
 Vhi's Electric Charge    Tloc/Air       22%        N/A       61%         4
 Frozen Ramparts          Ice            4%         1d1       63%         3
 Petrify                  Tmut/Erth      2%         N/A       95%         4
 Metabolic Englaciation   Hex/Ice        1%         N/A       100%        5
 Silence                  Hex/Air        1%         N/A       100%        5
 Lehudib's Crystal Spear  Conj/Erth      1%         10d2      100%        8
 Chain Lightning          Conj/Air       1%         3d1       100%        9
 Fire Storm               Conj/Fire      1%         7d1       100%        9
 Shatter                  Erth           1%         3d5*      100%        9


Dungeon Overview and Level Annotations

Branches:
Dungeon (6/15)
 Temple: D:4-7

Altars:
Cheibriados
Dithmenos
Gozag
Makhleb
Ru
Yredelemnul

Shops:
D:2 [   D:3 (


Innate Abilities, Weirdness & Mutations

You are small and have problems with some larger weapons.
You are completely attuned to the shadows.


Message History

i - 4 blue potions (gained 1)
You open the door.
There is an open door here.
Found a stone staircase leading down.
Found a stone staircase leading down.
You see here a staff of cold.
A scorpion comes into view.
The helpless scorpion fails to defend itself.
You perforate the scorpion like a sieve!!!
You kill the scorpion!
Your Short Blades skill increases to level 6!
You now have 475 gold pieces (gained 4).
An adder comes into view.
An adder is nearby!
The helpless adder fails to defend itself.
You skewer the adder like a kebab!!!
You kill the adder!
The gnoll sergeant shouts!
The gnoll sergeant attacks as it pursues you!
The gnoll sergeant completely misses you.
The gnoll sergeant attacks as it pursues you!
The gnoll sergeant barely misses you.
The gnoll sergeant attacks as it pursues you!
The gnoll sergeant misses you.
The gnoll sergeant attacks as it pursues you!
The gnoll sergeant hits you from afar with a +0 spear!
You throw a datura-tipped dart.
The datura-tipped dart closely misses the gnoll sergeant.
The gnoll sergeant closely misses you.
You throw a datura-tipped dart.
The datura-tipped dart hits the gnoll sergeant.
The gnoll sergeant flies into a frenzy!
The gnoll sergeant hits you from afar with a +0 spear!
The gnoll sergeant attacks as it pursues you!
The gnoll sergeant hits you from afar with a +0 spear!
* * * LOW HITPOINT WARNING * * *
The gnoll sergeant barely misses you.
The gnoll sergeant hits you from afar with a +0 spear!
You die...
Your body crumbles into a pile of gold.

......#.....# #........
......#.....# #.....###
......#.....# #.....#
......#.....# #.....#
......#.....# #....>#
#######.....###### #.....#
.................# #.....#
.................# #.....#
................@########.....#
..................g..((.......#
..............................#
............))...........#'####
##+#########.............+...#
...........#.............#...#
...........#...........[.#...+
...........#.).....
...........'.......


You could see a neutral gnoll sergeant (fast, strong, frenzied).

Vanquished Creatures
  Prince Ribbit (D:5)
  The ghost of BLEEG the Stinger, an amateur OpVM of Sif Muna (D:4)
  Menkaure (D:6)
  A water moccasin (D:4)
  2 centaurs
  An ogre (D:4)
  A scorpion (D:6)
  A wyvern skeleton (D:4)
  A bullfrog skeleton (D:4)
  2 hounds
  A jelly (D:6)
  An orc priest (D:4)
  Crazy Yiuf (D:5)
  An iguana (D:5)
  A sleepcap (D:6)
  2 orc wizards
  A killer bee zombie (D:4)
  Robin (D:2)
  6 gnolls
  8 adders
  A shadow imp (D:5)
  A white imp (D:5)
  2 ufetubi (D:5)
  3 dart slugs
  17 orcs
  10 endoplasms
  3 giant cockroaches
  23 goblins
  10 hobgoblins
  4 jackals (D:4)
  5 quokkas
  8 ball pythons
  5 bats
  A frilled lizard (D:1)
  5 kobolds
  3 rats
  A spectral orc (D:5)
137 creatures vanquished.

Vanquished Creatures (others)
  An orc (D:5)
1 creature vanquished.

Grand Total: 138 creatures vanquished

Notes
Turn   | Place    | Note
-------+----------+-------------------------------------------
     0 | D:1      | TheGamechu the Kobold Warper began the quest for the Orb.
     0 | D:1      | Reached XP level 1. HP: 12/12 MP: 3/3
   231 | D:1      | Reached XP level 2. HP: 17/17 MP: 5/5
   237 | D:1      | Reached skill level 1 in Stealth
   298 | D:1      | Learned a level 2 spell: Blink
   456 | D:1      | Reached XP level 3. HP: 16/21 MP: 6/6
  1150 | D:2      | Found Taaretiale's Antique Armour Emporium.
  1178 | D:2      | Reached skill level 2 in Stealth
  1232 | D:2      | Found a faded altar of an unknown god.
  1356 | D:2      | Reached XP level 4. HP: 26/26 MP: 7/7
  1475 | D:2      | Noticed Robin
  2055 | D:3      | Reached skill level 3 in Stealth
  2438 | D:3      | Found an opulent altar of Gozag.
  2442 | D:3      | Found a burning altar of Makhleb.
  2443 | D:3      | Became a worshipper of Gozag Ym Sagoz the Greedy
  2465 | D:3      | Identified the +10 sling "Donac" {flame, rC- Will+ Int+4}
  2471 | D:3      | Found a shadowy altar of Dithmenos.
  2652 | D:3      | Found Vozoasoh's Antique Weapon Shop.
  2663 | D:3      | Reached XP level 5. HP: 30/30 MP: 8/8
  2673 | D:3      | Found a sacrificial altar of Ru.
  2673 | D:3      | Found a snail-covered altar of Cheibriados.
  3150 | D:2      | Killed Robin
  3411 | D:4      | Found a runed translucent gate.
  3485 | D:4      | Reached skill level 4 in Stealth
  3529 | D:4      | Noticed an ogre
  3531 | D:4      | Killed an ogre
  3532 | D:4      | Reached XP level 6. HP: 35/35 MP: 9/9
  3799 | D:4      | Reached skill level 5 in Stealth
  3872 | D:4      | Noticed a water moccasin
  3879 | D:4      | Killed a water moccasin
  3880 | D:4      | Reached XP level 7. HP: 23/40 MP: 10/10
  4107 | D:4      | Reached skill level 6 in Stealth
  4242 | D:4      | Found a runed translucent gate.
  4243 | D:4      | Found a runed translucent gate.
  4473 | D:4      | Noticed BLEEG's ghost (amateur OpVM)
  4493 | D:4      | Killed BLEEG's ghost
  4494 | D:4      | Reached skill level 5 in Dodging
  4494 | D:4      | Reached skill level 7 in Stealth
  4741 | D:5      | Entered Level 5 of the Dungeon
  4760 | D:5      | Found a basalt altar of Yredelemnul.
  4810 | D:5      | Reached XP level 8. HP: 32/44 MP: 11/11
  4923 | D:5      | Reached skill level 5 in Translocations
  5017 | D:5      | Reached skill level 8 in Stealth
  5188 | D:5      | Noticed Prince Ribbit
  5218 | D:5      | Killed Prince Ribbit
  5219 | D:5      | Reached skill level 5 in Short Blades
  5376 | D:5      | Found a runed translucent door.
  5381 | D:5      | Learned a level 3 spell: Teleport Other
  6199 | D:5      | Noticed Crazy Yiuf
  6202 | D:5      | Killed Crazy Yiuf
  6729 | D:6      | Noticed Menkaure
  6735 | D:6      | Killed Menkaure
  7022 | D:6      | Reached XP level 9. HP: 48/48 MP: 13/13
  7392 | D:6      | Slain by a gnoll sergeant

Illustrated notes

Levels and vault maps discovered:
D:1:      dpeg_arrival_circle_labyrinth_a, layout_basic, minivault_27
D:2:      cheibrodos_helix_gallery, layout_basic, serial_shops, shop,
          basic_ecumenical_altar, uniq_robin
D:3:      layout_basic, grunt_dithmenos_smoke_and_mirrors,
          gammafunk_temple_overflow_wave, grunt_temple_overflow_open,
          serial_shops, nicolae_shop_gibbet_a_chance, small_statue_intersection,
          nicolae_titane
D:4:      minmay_razor_zed, layout_loops_cross, gammafunk_ghost_necromancy
D:5:      nicolae_cairo_tiling, layout_basic,
          yredelemnul_forgotten_temple_becter, dk_noncrumbling_4,
          chequers_serial_rivers_micro_a, uniq_crazy_yiuf_cottage,
          uniq_prince_ribbit1
D:6:      layout_gridville, uniq_menkaure

Skill      XL: |  1  2  3  4  5  6  7  8  9 |
---------------+----------------------------+-----
Short Blades   | 3 4 5 6 |  6.0
Stealth        | 1 2 3 4 5 7 8 |  8.0
Dodging        | 3 4 5 7 |  7.2
Translocations | 4 5 6 |  6.0
Spellcasting   | 3 |  3.3
Fighting       | |  2.2
Ranged Weapons | |  0.1
Throwing       | |  1.1
Armour         | |  0.7

Action                     |  1- 3 |  4- 6 |  7- 9 || total
---------------------------+-------+-------+-------++-------
  Melee: Short sword       |   113 |   107 |   137 ||   357
         Punch             |       |     1 |     2 ||     3
         Dagger            |       |       |    17 ||    17
   Fire: Sling             |       |    50 |    34 ||    84
  Throw: Dart              |     3 |     1 |     2 ||     6
   Cast: Blink             |     1 |     1 |     1 ||     3
         Teleport Other    |       |       |     6 ||     6
 Invoke: Potion Petition   |       |       |     1 ||     1
    Use: Potion            |       |       |     1 ||     1
   Stab: Sleeping          |    13 |     6 |    15 ||    34
         Distracted        |       |       |     1 ||     1
 Armour: Leather armour    |    28 |    52 |    67 ||   147
  Dodge: Dodged            |    72 |    80 |   120 ||   272

Table legend: (Time is in decaauts)
 A = Elapsed time spent in this place.
 B = Non-inter-level travel time spent in this place.
 C = Inter-level travel time spent in this place.
 D = Time resting spent in this place.
 E = Time spent auto-exploring this place.
 F = Levels seen in this place.
 G = Mean time per level.
                   A        B        C        D        E       F      G
               +--------+--------+--------+--------+--------+-----+--------+
         Total |   7369 |   6566 |    803 |    427 |   4796 |   6 | 1228.2 |
       Dungeon |   7369 |   6566 |    803 |    427 |   4796 |   6 | 1228.2 |
               +--------+--------+--------+--------+--------+-----+--------+

Top non-repeatable levels by time:
     D:5: 1707 daAuts
     D:4: 1493 daAuts
     D:1: 1131 daAuts
     D:2: 1082 daAuts
     D:3: 1046 daAuts
     D:6: 908 daAuts
